 Dungeon Crawl Stone Soup version 0.24.0-125-gc4c63601f3 (webtiles) character file.

Game seed: 12444138542317452955, levelgen mode: deterministic

129 Gabide the Shield-Bearer (level 5, -5/41 HPs)
             Began as a Human Fighter on Mar 12, 2020.
             Was an Initiate of Okawaru.
             Killed by divine providence
             ... invoked by an orc priest
              (13 damage)
             ... on level 3 of the Dungeon.
             The game lasted 00:05:46 (2059 turns).

Gabide the Shield-Bearer (Human Fighter)            Turns: 2059, Time: 00:05:46

Health: -5/41      AC:  8    Str: 22    XL:     5   Next: 35%
Magic:  5/5        EV:  8    Int:  9    God:    Okawaru [......]
Gold:   116        SH:  0    Dex: 12    Spells: 4/4 levels left

rFire    . . .     SeeInvis .   a - +3 war axe
rCold    + . .     Gourm    .   c - +0 shield
rNeg     . . .     Faith    .   b - +0 scale mail
rPois    .         Spirit   .   m - +0 helmet
rElec    .         Reflect  .   (no cloak)
rCorr    .         Harm     +   (no gloves)
MR       .....                  (no boots)
Stlth    ..........             e - amulet of harm
HPRegen  0.13/turn              k - ring of protection from cold
MPRegen  0.09/turn              l - ring of flight

@: confused, mighty
A: no striking features
a: Renounce Religion, Evoke Flight


You were on level 3 of the Dungeon.
You worshipped Okawaru.
Okawaru was noncommittal.
You were not hungry.

You visited 1 branch of the dungeon, and saw 3 of its levels.

You collected 116 gold pieces.

Inventory:

Hand Weapons
 a - a +3 war axe (weapon)
Armour
 b - a +0 scale mail (worn)
 c - a +0 shield (worn)
 m - a +0 helmet (worn)
Jewellery
 e - an amulet of harm (around neck)
 k - a ring of protection from cold (left hand)
 l - a ring of flight (right hand)
Scrolls
 i - 2 scrolls of amnesia
 j - 2 scrolls of remove curse
Potions
 o - a potion of flight {unknown}
 p - a potion of berserk rage {unknown}
Comestibles
 f - 5 rations
 q - a chunk of flesh


   Skills:
 + Level 3.4 Fighting
 + Level 3.2 Axes
 + Level 3.5 Armour
 + Level 1.1 Dodging
 + Level 0.2 Stealth
 + Level 3.8 Shields


You had 4 spell levels left.
You didn't know any spells.
Your spell library was empty.

Dungeon Overview and Level Annotations

Branches:
Dungeon (3/15)

Altars:
Nemelex Xobeh
Okawaru
Ru


Message History

The orc priest is heavily wounded.
You miss something. You block the orc priest's attack.
Something hits you but does no damage.
You closely miss the orc priest.
The orc priest is heavily wounded.
You slash the worm!
Your shield and scale mail prevent you from hitting something.
The orc priest hits you but does no damage.
You hear some strange, mumbled words.
You are confused.
The orc priest barely misses you. The worm barely misses you.
You bump into the rock wall.
Something completely misses you.
The orc priest hits you with a +0 short sword.
You bump into the rock wall.
Something hits you. The worm misses you.
The orc priest mumbles some strange prayers to Beogh against you.
Beogh smites you!
* * * LOW HITPOINT WARNING * * *
The orc priest invokes the aid of Beogh against you.
Beogh smites you!
You die...

### . ....# ..
#...####
.####...@####...
...####........
##.##..ow..####
#####........#.....
..........!.##.#.##
..##.#.##.##..#.###
###..#)#..#........
...>........(.###.?.
#
####..#.....?......#


You could see a worm and an orc priest.

Vanquished Creatures
  An orc priest (D:3)
  An adder (D:3)
  2 worms
  A dart slug (D:1)
  2 leopard geckos
  2 orcs (D:3)
  8 bats
  5 giant cockroaches
  9 goblins
  7 hobgoblins
  13 jackals
  A quokka (D:2)
  2 frilled lizards (D:2)
  7 kobolds
  11 rats
72 creatures vanquished.

Notes
Turn   | Place    | Note
-------+----------+-------------------------------------------
     0 | D:1      | Gabide the Human Fighter began the quest for the Orb.
     0 | D:1      | Reached XP level 1. HP: 18/18 MP: 1/1
   153 | D:1      | Reached XP level 2. HP: 24/24 MP: 2/2
   260 | D:1      | Reached XP level 3. HP: 10/29 MP: 3/3
  1009 | D:2      | Found a sparkling altar of Nemelex Xobeh.
  1055 | D:2      | Found a sacrificial altar of Ru.
  1080 | D:2      | Reached XP level 4. HP: 32/35 MP: 4/4
  1318 | D:2      | Found an iron altar of Okawaru.
  1323 | D:2      | Became a worshipper of Warmaster Okawaru
  2019 | D:3      | Reached XP level 5. HP: 39/41 MP: 5/5
  2044 | D:3      | HP: 2/41 [orc priest/divine providence (18)]
  2053 | D:3      | Reached skill level 1 in Dodging
  2059 | D:3      | Killed from afar by an orc priest

Levels and vault maps discovered:
D:1:      giann_bridges, layout_loops_ring, serial_bayou_ford_a
D:2:      layout_loops_corners, okawaru_ov_weapons_minmay,
          nemelex_xobeh_ov_fountains_minmay, first_ration,
          nicolae_ru_awakened_eye
D:3:      layout_rooms, lemuel_doored_altar,
          chequers_ecumenical_altar_simple_redux

Skill      XL: |  1  2  3  4  5 |
---------------+----------------+-----
Axes           | 3 |  3.2
Dodging        | 1 |  1.1
Fighting       | |  3.4
Armour         | |  3.5
Stealth        | |  0.2
Shields        | |  3.8

Action                   |  1- 3 |  4- 6 || total
-------------------------+-------+-------++-------
Melee: War axe           |   132 |   101 ||   233
  Use: Scroll            |     4 |     4 ||     8
       Potion            |       |     2 ||     2
  Eat: Chunk             |       |     4 ||     4
Armor: Scale mail        |    81 |    68 ||   149
Dodge: Dodged            |    42 |    51 ||    93
Block: Shield            |    81 |    64 ||   145
